 Dungeon Crawl Stone Soup version 0.31-a0-931-g7b59d4eb97 (webtiles) character file.

Game seed: 13175557732519841914

14 retardedninja the Firebug (level 2, -2/15 HPs)
             Began as a Gargoyle Fire Elementalist on Oct 19, 2023.
             Slain by an adder (4 damage)
             ... on level 3 of the Dungeon.
             The game lasted 00:01:52 (1331 turns).

retardedninja the Firebug (GrFE)                    Turns: 1331, Time: 00:01:53

Health: -2/15      AC:  4    Str: 11    XL:     2   Next: 45%
Magic:  5/5        EV: 12    Int: 15    God:
Gold:   69         SH:  0    Dex: 10    Spells: 2/5 levels left

rFire   . . .        k - +0 spear
rCold   . . .        (no shield)
rNeg    + . .        d - +0 robe
rPois   ∞            j - +0 hat
rElec   +            (no cloak)
rCorr   .            (no gloves)
SInv    .            (no boots)
Will    .....        (no amulet)
Stlth   ++           (no ring)
HPRegen 0.22/turn    (no ring)
MPRegen 0.09/turn

%: no passive effects
@: mighty
A: sickness immunity, AC +2, negative energy resistance 1, electricity
resistance, torment resistance 1, petrification resistance
a: no special abilities


You were on level 3 of the Dungeon.
You visited 1 branch of the dungeon, and saw 4 of its levels.

You collected 69 gold pieces.

Inventory:

Hand Weapons
 k - a +0 spear (weapon)
Armour
 d - a +0 robe (worn)
 j - a +0 hat (worn)
Scrolls
 a - 2 scrolls of identify {unknown}
 f - a scroll of noise {unknown}
 g - a scroll of acquirement {unknown}
 h - a scroll of teleportation {unknown}
Potions
 c - a potion of resistance {unknown}
 e - a potion of might
 i - a potion of lignification {unknown}


   Skills:
 + Level 1.8 Dodging
 + Level 2.5 Stealth
 + Level 2.1 Spellcasting
 + Level 1.4 Conjurations
 + Level 3.1 Fire Magic


You had 2 spell levels left.
You knew the following spells:

 Your Spells              Type           Power      Damage    Failure   Level
a - Foxfire               Conj/Fire      32%        2x1d5     9%          1
b - Scorch                Fire           22%        2d5       9%          2

Your spell library contained the following spells:

 Spells                   Type           Power      Damage    Failure   Level
 Inner Flame              Hex/Fire       6%         N/A       34%         3
 Volatile Blastmotes      Fire/Tloc      12%        2d11      34%         3
 Flame Wave               Conj/Fire      8%         2d5       63%         4


Dungeon Overview and Level Annotations

Branches:
Dungeon (4/15)
 Temple: D:4-7

Altars:


Innate Abilities, Weirdness & Mutations

You are immune to sickness and miasma.
Your stone body is resilient. (AC +2)
You are immune to poison.
You resist negative energy. (rN+)
You are resistant to electric shocks. (rElec)
You are resistant to unholy torment.
You are immune to petrification.


Message History

The endoplasm hits you.
The foxfire hits the adder.
The adder is moderately wounded.
The foxfire hits the endoplasm.
The endoplasm is severely wounded.
The adder barely misses you. The adder bites you but does no damage.
The endoplasm misses you.
You are out of magic!
The adder bites you but does no damage. The endoplasm hits you.
You are out of magic!
The adder bites you but does no damage.
The endoplasm hits you but does no damage.
You are out of magic!
The adder barely misses you. The rat completely misses you.
The adder bites you but does no damage. The endoplasm closely misses you.
Casting: Foxfire (safe; 9% risk of failure)
Confirm with . or Enter, or press ? or * to list all spells.
You don't have enough magic to cast this spell.
You miss the adder.
The adder is moderately wounded.
The adder bites you but does no damage. The rat completely misses you.
The endoplasm hits you.
You closely miss the adder.
The adder is moderately wounded.
The adder misses you. The rat bites you. The endoplasm misses you.
You hit the adder.
The adder is severely wounded.
The adder closely misses you. The rat closely misses you.
The endoplasm freezes you.
You are frozen.
* * * LOW HITPOINT WARNING * * *
The adder bites you.
* * * LOW HITPOINT WARNING * * *
The adder attacks as it pursues you! The adder bites you but does no damage.
It was a potion of might.
You feel very mighty all of a sudden. The adder misses you.
The endoplasm barely misses you. The rat barely misses you.
Magic courses through your body. The adder bites you.
You die...

#############
...........#
##..........
#..........#
#...@......#
#..rSJ.....#
#..).......#
...!...........
.............##
.........).....
...............
####...........
#..........#


You could see an adder, an endoplasm and a rat.

Vanquished Creatures
  3 ball pythons
  A giant cockroach (D:1)
  2 goblins
  2 hobgoblins (D:1)
  2 bats (D:1)
  4 kobolds
14 creatures vanquished.

Vanquished Creatures (others)
  56 foxfires
56 creatures vanquished.

Grand Total: 70 creatures vanquished

Notes
Turn   | Place    | Note
-------+----------+-------------------------------------------
     0 | D:1      | retardedninja the Gargoyle Fire Elementalist began the
                  | quest for the Orb.
     0 | D:1      | Reached XP level 1. HP: 10/10 MP: 3/3
   324 | D:1      | Reached XP level 2. HP: 13/15 MP: 1/5
  1090 | D:1      | Learned a level 2 spell: Scorch
  1248 | D:2      | You fall into a shaft and drop 2 floors!
  1331 | D:3      | Slain by an adder

Illustrated notes

Levels and vault maps discovered:
D:1:      minmay_arrival_stair_chambers, layout_basic
D:2:      layout_loops_ring, ebering_ecumenical_altar_mist,
          minmay_misc_feat_room, minmay_misc_feat_plants,
          chequers_decorated_corner, kennysheep_generic_room_15
D:3:      layout_rooms, yredelemnul_altar_generic, okawaru_altar_gauntlet_db,
          tso_oasis_becter, mainiacjoe_overflow_six_doors_small
D:4:      layout_loops_ring, tgw_sif, minmay_temple_entry_mini_moons,
          nicolae_kite_square_tiling_tiny

Action                     || total
---------------------------++-------
  Melee: Unarmed           ||     6
         Spear             ||     3
   Cast: Foxfire           ||    35
    Use: Potion            ||     2
 Armour: Robe              ||    22
  Dodge: Dodged            ||    23

Table legend: (Time is in decaauts)
 A = Elapsed time spent in this place.
 B = Non-inter-level travel time spent in this place.
 C = Inter-level travel time spent in this place.
 D = Time resting spent in this place.
 E = Time spent auto-exploring this place.
 F = Levels seen in this place.
 G = Mean time per level.
                   A        B        C        D        E       F      G
               +--------+--------+--------+--------+--------+-----+--------+
         Total |   1330 |   1277 |     53 |      0 |   1089 |   4 |  332.5 |
       Dungeon |   1330 |   1277 |     53 |      0 |   1089 |   4 |  332.5 |
               +--------+--------+--------+--------+--------+-----+--------+

Top non-repeatable levels by time:
     D:1: 1144 daAuts
     D:2: 103 daAuts
     D:4: 66 daAuts
     D:3: 16 daAuts
